 Dungeon Crawl Stone Soup version 0.29-a0-529-gfa20dd96a1 (webtiles) character file.

Game seed: 6667792435620678067

4566 hquester1 the Destroyer (level 10, -19/50 HPs)
             Began as a Deep Elf Conjurer on June 1, 2022.
             Was a Believer of Sif Muna.
             Demolished by a boulder beetle (23 damage)
             ... on level 9 of the Dungeon.
             The game lasted 01:17:28 (10173 turns).

hquester1 the Destroyer (Deep Elf Conjurer)        Turns: 10173, Time: 01:17:29

Health: -19/50     AC: 12    Str:  8    XL:     10   Next: 18%
Magic:  15/24      EV: 16    Int: 32    God:    Sif Muna [**....]
Gold:   435        SH:  0    Dex: 17    Spells: 15/25 levels left

rFire   . . .      SeeInvis .   h - +0 dagger
rCold   . . .      Faith    .   (no shield)
rNeg    . . .      Spirit   .   I - +4 robe of Augmentation {Str+4 Int+4 Dex+4}
rPois   .          Reflect  .   (no helmet)
rElec   .          Harm     .   P - +1 cloak
rCorr   +          Rampage  .   e - +2 pair of gloves
Will    +....                   a - +0 pair of boots
Stlth   ++++......              B - amulet of magic regeneration
HPRegen 0.16/turn               w - ring of resist corrosion
MPRegen 0.59/turn               (no ring)

@: invisible
A: no striking features
a: Renounce Religion, Channel Magic


You were on level 9 of the Dungeon.
You worshipped Sif Muna.
Sif Muna was pleased with you.
You visited 2 branches of the dungeon, and saw 10 of its levels.
You also visited: Sewer and Bailey.

You collected 435 gold pieces.

Inventory:

Hand Weapons
 g - a +2 vorpal long sword
 h - a +0 dagger (weapon)
 s - a +0 quarterstaff
Missiles
 k - a throwing net
Armour
 a - a +0 pair of boots (worn)
 e - a +2 pair of gloves (worn)
 G - +0 steam dragon scales
 H - a +0 kite shield
 I - the +4 robe of Augmentation (worn) {Str+4 Int+4 Dex+4}
   (You found it on level 8 of the Dungeon)

   Str:       It affects your strength (+4).
   Int:       It affects your intelligence (+4).
   Dex:       It affects your dexterity (+4).
 M - +0 acid dragon scales
 N - +0 swamp dragon scales
 P - a +1 cloak (worn)
 Q - a scarf of resistance
Jewellery
 w - a ring of resist corrosion (left hand)
 B - an amulet of magic regeneration (around neck)
 J - a ring of ice
Wands
 f - a wand of mindburst (16)
 n - a wand of acid (11)
 y - a wand of digging (2)
 D - a wand of charming (7)
 K - a wand of paralysis (10)
Scrolls
 c - a scroll of fog {unknown}
 j - a scroll of noise {unknown}
 o - 7 scrolls of teleportation
 q - 2 scrolls of vulnerability
 r - a scroll of poison {unknown}
 t - a scroll of magic mapping
 v - a scroll of silence
 z - 2 scrolls of enchant armour {unknown}
 E - a scroll of identify
 F - 2 scrolls of amnesia {unknown}
 O - 3 scrolls of fear {unknown}
Potions
 b - a potion of magic
 d - 2 potions of haste
 i - 3 potions of invisibility
 l - 2 potions of might
 m - 4 potions of mutation
 p - a potion of attraction {unknown}
 u - 5 potions of curing {unknown}
 x - a potion of flight {unknown}
 A - a potion of heal wounds {unknown}
 C - a potion of resistance {unknown}
 L - a potion of lignification


   Skills:
 + Level 7.9 Dodging
 + Level 8.6 Stealth
 + Level 8.3 Spellcasting
 + Level 9.7 Conjurations
 + Level 5.3 Hexes
 + Level 2.9 Earth Magic
 + Level 4.5 Evocations


You had 15 spell levels left.
You knew the following spells:

 Your Spells              Type           Power      Damage    Failure   Level
a - Magic Dart            Conj           100%       1d8       1%          1
b - Searing Ray           Conj           100%       2d8       1%          2
c - Fulminant Prism       Conj/Hex       28%        3d14      1%          4
d - Stone Arrow           Conj/Erth      100%       3d13      1%          3

Your spell library contained the following spells:

 Spells                   Type           Power      Damage    Failure   Level
 Dazzling Flash           Conj/Hex       100%       N/A       1%          3
 Apportation              Tloc           26%        N/A       3%          1
 Necrotize                Necr           52%        1d6       3%          1
 Summon Small Mammal      Summ           52%        N/A       3%          1
 Flame Wave               Conj/Fire      44%        2d10      4%          4
 Iskenderun's Mystic Bla  Conj/Tloc      44%        2d10      4%          4
 Scorch                   Fire           26%        2d6       5%          2
 Animate Armour           Summ/Erth      44%        N/A       21%         4
 Summon Cactus Giant      Summ           6%         N/A       99%         6
 Lehudib's Crystal Spear  Conj/Erth      26%        10d7      100%        8


Dungeon Overview and Level Annotations

Branches:
Dungeon (9/15)             Temple (1/1) D:5             Orc (0/2) D:9
  Sewer (visited)          Bailey (visited)
   Lair: D:8-11

Altars:
Ashenzari
Cheibriados
Elyvilon
Fedhas
Gozag
Kikubaaqudgha
Makhleb
Nemelex Xobeh
Okawaru
Qazlal
Ru
Sif Muna
Trog
Uskayaw
Vehumet
Wu Jian
Xom
Yredelemnul
Zin
The Shining One

Shops:
D:1 (   D:3 (

Annotations:
D:6 Sigmund


Message History

Casting: Stone Arrow (safe; 1% risk of failure)
Confirm with . or Enter, or press ? or * to list all spells.
Aiming: Stone Arrow (safe; 1% risk of failure)
Press: ? - help, Shift-Dir - straight line, f/p - kobold brigand
Aim: a kobold brigand, wielding a +0 dagger and quivering poisoned darts (severely wounded, 72% to hit)
The stone arrow hits the kobold brigand!!
You kill the kobold brigand!
Sif Muna accepts your kill.
Things that are here:
a +0 dagger; 7 poisoned darts A centaur comes into view.
Casting: Stone Arrow (safe; 1% risk of failure)
Confirm with . or Enter, or press ? or * to list all spells.
You can't see any susceptible monsters within range! (Use Z to cast anyway.)
Casting: Stone Arrow (safe; 1% risk of failure)
Confirm with . or Enter, or press ? or * to list all spells.
Aiming: Fulminant Prism (dangerous; 1% risk of failure)
Press: ? - help, Dir - move target You conjure a prism of explosive energy!
A fulminant prism comes into view.
You hear a shout! x2
The boulder beetle curls into a ball and begins rolling!
Your fulminant prism crackles loudly.
Casting: Fulminant Prism (dangerous; 1% risk of failure)
Confirm with . or Enter, or press ? or * to list all spells.
Aiming: Stone Arrow (safe; 1% risk of failure)
Press: ? - help, Shift-Dir - straight line, f - boulder beetle
Aim: a boulder beetle (rolling, ally target, 100% to hit)
The stone arrow hits the boulder beetle!
The boulder beetle is lightly wounded.
The boulder beetle hits you!!!
Ouch! That really hurt!
* * * LOW HITPOINT WARNING * * *
The boulder beetle stops rolling and uncurls.
Your fulminant prism explodes!
The blast of energy engulfs the boulder beetle!
The boulder beetle is moderately wounded.
You fade into invisibility!
The boulder beetle bites you!!
You die...

####.# #######.#.... #....#
#.# #.....8.. #....#
#.#####.#...##. ####.....
#.#.†.†.###..##
........###.#.#)#######...#
..........#.#.#.#.......[..
........°...#.#...........#
####....#B###.###.........#
#...B#.@.....#.........#
#...)#####.#.#.........#
...c... #)#.##...####..
......)). #.#.........#..
.....).).. #.#####.....#..
.......... #...........#..
.....°....# ######.######..
#.######.# #.#......#


You could see a boulder beetle (can't see you).

Vanquished Creatures
  Maurice (D:9)
  Maggie (D:9)
  A hornet (D:9)
  Prince Ribbit (D:5)
  2 wyverns (D:8)
  A steam dragon (D:7)
  2 acid dragons (D:9)
  5 water moccasins
  3 ice beasts
  A black bear (D:5)
  An ogre (D:5)
  3 sky beasts
  2 centaurs (D:8)
  A phantom (D:6)
  2 kobold brigands
  2 necrophages
  A bullfrog (D:7)
  2 gnoll sergeants
  2 scorpions
  A howler monkey (D:4)
  A gnoll shaman (D:7)
  5 orc priests
  3 hounds
  2 iguanas (D:5)
  7 orc wizards
  12 gnolls
  9 adders
  2 white imps
  2 ufetubi
  3 worms
  4 dart slugs
  27 orcs
  14 ball pythons
  4 endoplasms
  7 giant cockroaches
  5 hobgoblins
  8 jackals
  7 quokkas
  11 bats
  5 frilled lizards
  9 goblins
  17 kobolds
  3 rats
202 creatures vanquished.

Vanquished Creatures (others)
  24 fulminant prisms
  2 plants
26 creatures vanquished.

Grand Total: 228 creatures vanquished

Notes
Turn   | Place    | Note
-------+----------+-------------------------------------------
     0 | D:1      | hquester1 the Deep Elf Conjurer began the quest for the
                  | Orb.
     0 | D:1      | Reached XP level 1. HP: 10/10 MP: 6/6
    23 | D:1      | Reached XP level 2. HP: 15/15 MP: 0/8
   281 | D:1      | Found a faded altar of an unknown god.
   585 | D:1      | Reached skill level 5 in Conjurations
   615 | D:1      | Reached XP level 3. HP: 19/19 MP: 7/9
   854 | D:1      | Found Pess's Weapon Shoppe.
   975 | D:1      | Learned a level 2 spell: Searing Ray
  1358 | D:2      | Reached XP level 4. HP: 9/24 MP: 5/10
  2157 | D:3      | Found Udoshrea's Weapon Shoppe.
  2394 | D:3      | Noticed a sky beast
  2569 | D:3      | Found an iron altar of Okawaru.
  2612 | D:3      | Reached XP level 5. HP: 28/28 MP: 7/11
  3070 | D:3      | Killed a sky beast
  3071 | D:3      | Reached skill level 6 in Conjurations
  3442 | D:4      | Reached XP level 6. HP: 32/32 MP: 9/13
  4084 | D:4      | Found a snail-covered altar of Cheibriados.
  4128 | D:4      | Found a bloodstained altar of Trog.
  4364 | D:5      | Entered Level 5 of the Dungeon
  4441 | D:5      | Reached skill level 5 in Stealth
  4523 | D:5      | Reached skill level 7 in Conjurations
  4523 | D:5      | Reached XP level 7. HP: 23/36 MP: 7/15
  4627 | D:5      | Reached skill level 5 in Dodging
  4668 | D:5      | Found a glowing drain.
  4690 | Sewer    | Entered a sewer
  4801 | Sewer    | Reached skill level 5 in Spellcasting
  5090 | D:5      | Found a staircase to the Ecumenical Temple.
  5096 | Temple   | Entered the Ecumenical Temple
  5171 | Temple   | Became a worshipper of Sif Muna the Loreminder
  5284 | D:5      | Found a sacrificial altar of Ru.
  5321 | D:5      | Found an ancient bone altar of Kikubaaqudgha.
  5381 | D:5      | Noticed Prince Ribbit
  5462 | D:5      | Killed Prince Ribbit
  5463 | D:5      | Reached skill level 8 in Conjurations
  5463 | D:5      | Reached XP level 8. HP: 41/41 MP: 10/18
  5788 | D:6      | Noticed Sigmund
  6572 | D:6      | Reached skill level 1 in Hexes
  6782 | D:6      | Learned a level 4 spell: Fulminant Prism
  6873 | D:6      | Reached skill level 1 in Evocations
  7499 | D:7      | Reached * piety under Sif Muna
  7546 | D:7      | Reached XP level 9. HP: 26/45 MP: 15/21
  7559 | D:7      | Found a shimmering altar of Xom.
  7630 | D:7      | Reached skill level 9 in Conjurations
  7694 | D:7      | Found a stormy altar of Qazlal.
  7875 | D:7      | Found a flagged portal.
  7891 | Bailey   | Entered a bailey
  8829 | D:7      | Learned a level 3 spell: Stone Arrow
  8871 | D:8      | Found the +4 robe of Augmentation {Str+4 Int+4 Dex+4}
  9006 | D:8      | Reached ** piety under Sif Muna
  9011 | D:8      | Reached skill level 1 in Earth Magic
  9438 | D:9      | Noticed Maurice
  9582 | D:9      | Noticed Maggie
  9749 | D:9      | Found a radiant altar of Vehumet.
  9749 | D:9      | Found a basalt altar of Yredelemnul.
  9790 | D:9      | Found a staircase to the Orcish Mines.
  9835 | D:9      | Killed Maggie
  9836 | D:9      | Reached skill level 5 in Hexes
  9836 | D:9      | Reached XP level 10. HP: 50/50 MP: 20/24
  9881 | D:9      | Found a glowing silver altar of Zin.
  9883 | D:9      | Found an opulent altar of Gozag.
  9890 | D:9      | Killed Maurice
 10137 | D:9      | Noticed a boulder beetle
 10173 | D:9      | Demolished by a boulder beetle

Illustrated notes

Levels and vault maps discovered:
D:1:      dpeg_arrival_arbitrary_b, layout_basic,
          shapermc_ecumenical_altar_starsandcircs, serial_shops, shop
D:2:      layout_rooms, minmay_shallow_snake_nest
D:3:      layout_basic, okawaru_trees_1, serial_shops, nicolae_shop_statue_plus
D:4:      layout_cave_pods, mainiacjoe_overflow_alcove_1,
          mainiacjoe_overflow_small_starburst
D:5:      layout_basic, mainiacjoe_overflow_big_doors,
          minmay_temple_entry_ruins, cheibrodos_sewer_entry_bend,
          uniq_prince_ribbit1
D:6:      layout_basic, grunt_ministairs_2, uniq_sigmund
D:7:      layout_basic, grunt_qazlal_sundering,
          mainiacjoe_overflow_tiny_flanked, enter_bailey_5,
          roderic_roman_lattice, roderic_serpentine_path
D:8:      layout_gridville, uniq_psyche
D:9:      layout_basic, grunt_temple_overflow_gold_and_silver,
          marbit_many_paths, jmf_multi_god_temple, uniq_maurice, uniq_maggie
Temple:   compressed_dpeg_triangle_lava_temple

Skill      XL: |  1  2  3  4  5  6  7  8  9 |
---------------+----------------------------+-----
Stealth        | 3 4 5 6 7 8 |  8.6
Dodging        | 3 4 5 6 7 |  7.9
Conjurations   | 5 6 7 8 9 |  9.7
Spellcasting   | 4 5 6 8 |  8.3
Hexes          | 2 5 |  5.3
Evocations     | 2 4 |  4.5
Earth Magic    | 2 |  2.9

Action                   |  1- 3 |  4- 6 |  7- 9 | 10-12 || total
-------------------------+-------+-------+-------+-------++-------
Melee: Dagger            |     1 |     3 |     3 |       ||     7
 Cast: Magic Dart        |    55 |    84 |   103 |       ||   242
       Searing Ray       |     2 |    17 |    39 |       ||    58
       Fulminant Prism   |       |       |    19 |     5 ||    24
       Stone Arrow       |       |       |    18 |    12 ||    30
  Use: Scroll            |       |     4 |     5 |       ||     9
       Potion            |       |     1 |       |     1 ||     2
Armor: Robe              |     2 |    11 |    12 |       ||    25
       Skin              |       |     3 |       |       ||     3
Dodge: Dodged            |     8 |    28 |    40 |     4 ||    80

Table legend: (Time is in decaauts)
 A = Elapsed time spent in this place.
 B = Non-inter-level travel time spent in this place.
 C = Inter-level travel time spent in this place.
 D = Time resting spent in this place.
 E = Time spent auto-exploring this place.
 F = Levels seen in this place.
 G = Mean time per level.
                   A        B        C        D        E       F      G
               +--------+--------+--------+--------+--------+-----+--------+
         Total |  10188 |   9872 |    316 |   1777 |   5176 |  12 |  849.0 |
       Dungeon |   9594 |   9293 |    301 |   1408 |   5113 |   9 | 1066.0 |
        Temple |     90 |     75 |     15 |      0 |     61 |   1 |   90.0 |
         Sewer |    351 |    351 |      0 |    229 |      2 |   1 |  351.0 |
        Bailey |    151 |    151 |      0 |    140 |      0 |   1 |  151.0 |
               +--------+--------+--------+--------+--------+-----+--------+

Top non-repeatable levels by time:
     D:6: 1622 daAuts
     D:3: 1275 daAuts
     D:7: 1255 daAuts
     D:1: 1173 daAuts
     D:5: 1049 daAuts
     D:4: 1025 daAuts
     D:2: 887 daAuts
     D:9: 748 daAuts
     D:8: 555 daAuts
   Sewer: 351 daAuts
  Bailey: 151 daAuts
  Temple: 90 daAuts
